| TOP OF THE 1ST |
|
Cincinnati Reds batting - Pitching for Colorado Rockies : RHP Vince Scripp
|
|
Pitching: RHP Vince Scripp
|
|
|
Batting: SHB Dave Barefoot
|
0-0: Ball 1-0: Ground out 6-3 (Groundball, 6S, EV 84.4 MPH)
|
|
Batting: RHB Steve Castleberry
|
0-0: Called Strike 0-1: Ball 1-1: Ground out 1-3 (Groundball, 13S, EV 74.4 MPH)
|
|
Batting: SHB Jun Tsuda
|
0-0: Foul Ball, location: 2F 0-1: Foul Ball, location: 2F 0-2: Strikes out swinging
|
| Top of the 1st over - 0 runs, 0 hits, 0 errors, 0 left on base; Cincinnati 0 - Colorado 0 |
| TOP OF THE 2ND |
|
Cincinnati Reds batting - Pitching for Colorado Rockies : RHP Vince Scripp
|
|
Batting: LHB Chris Grunwald
|
0-0: Ball 1-0: Called Strike 1-1: Swinging Strike 1-2: Ball 2-2: Foul Ball, location: 2F 2-2: Foul Ball, location: 2F 2-2: Ground out 6-3 (Groundball, 6M, EV 84.4 MPH)
|
|
Batting: LHB Antonio Figueroa
|
0-0: Ball 1-0: Ball 2-0: Swinging Strike 2-1: Ball 3-1: SINGLE (Groundball, 4D, EV 107.5 MPH)
|
|
Batting: RHB Willie Lazcano
|
0-0: Called Strike 0-1: Ball 1-1: Hit by Pitch Antonio Figueroa to second
|
|
Batting: RHB Joseph Kirchmann
|
0-0: Ball 1-0: Swinging Strike 1-1: Foul Ball, location: 2F 1-2: Ball 2-2: Ball 3-2: Fly out, F9 (Line Drive, 89M, EV 91.2 MPH)
|
|
Batting: LHB Jon Ledesma
|
0-0: Ball 1-0: Called Strike 1-1: Swinging Strike 1-2: Ball 2-2: Fly out, F6 (Line Drive, 4M, EV 76.2 MPH)
|
| Top of the 2nd over - 0 runs, 1 hit, 0 errors, 2 left on base; Cincinnati 0 - Colorado 0 |
| BOTTOM OF THE 2ND |
|
Colorado Rockies batting - Pitching for Cincinnati Reds : RHP Timmy John Aaron-Lee Frank Silveira
|
|
Batting: LHB Freddy Troncoso
|
0-0: Ground out 5-3 (Groundball, 5, EV 96.9 MPH)
|
|
Batting: SHB Jon Munoz
|
0-0: Ball 1-0: Ball 2-0: Ball 3-0: Called Strike 3-1: Fly out, F7 (Line Drive, 7, EV 96.2 MPH)
|
|
Batting: SHB Andy Vivas
|
0-0: Ball 1-0: Ball 2-0: Ball 3-0: Called Strike 3-1: Base on Balls
|
|
Batting: SHB Billy Encinias
|
0-0: Fly out, F8 (Flyball, 8RS, EV 92.5 MPH)
|
| Bottom of the 2nd over - 0 runs, 0 hits, 0 errors, 1 left on base; Cincinnati 0 - Colorado 0 |
| TOP OF THE 3RD |
|
Cincinnati Reds batting - Pitching for Colorado Rockies : RHP Vince Scripp
|
|
Batting: RHB Omar Quintana
|
0-0: Ball 1-0: Ball 2-0: Ball 3-0: Called Strike 3-1: SOLO HOME RUN (Flyball, 7LD, EV 93.1 MPH), Distance : 353 ft
|
|
Batting: SHB Dave Barefoot
|
0-0: Foul Ball, location: 2F 0-1: Ball 1-1: Called Strike 1-2: Strikes out swinging
|
|
Batting: RHB Steve Castleberry
|
0-0: Swinging Strike 0-1: Ball 1-1: Ball 2-1: Ball 3-1: Foul Ball, location: 2F 3-2: Strikes out swinging
|
|
Batting: SHB Jun Tsuda
|
0-0: Swinging Strike 0-1: Foul Ball, location: 2F 0-2: Strikes out looking
|
| Top of the 3rd over - 1 run, 1 hit, 0 errors, 0 left on base; Cincinnati 1 - Colorado 0 |
| BOTTOM OF THE 3RD |
|
Colorado Rockies batting - Pitching for Cincinnati Reds : RHP Timmy John Aaron-Lee Frank Silveira
|
|
Batting: RHB Sterling Acosta
|
0-0: Ball 1-0: SINGLE (Line Drive, 7LS, EV 102.5 MPH)
|
|
Batting: SHB Eddie Quinones
|
0-0: Ball 1-0: Called Strike Sterling Acosta is caught stealing 2nd base 2-6 1-1: Ball 2-1: Fly out, F8 (Line Drive, 8RD, EV 86.9 MPH)
|
|
Batting: RHB Henry Alvizo
|
0-0: Foul Ball, location: 2F 0-1: DOUBLE (Line Drive, 7LS, EV 98.8 MPH)
|
|
Batting: RHB Joel Haycock
|
0-0: Ball 1-0: Ground out 3-1 (Groundball, 34, EV 95.6 MPH)
|
| Bottom of the 3rd over - 0 runs, 2 hits, 0 errors, 1 left on base; Cincinnati 1 - Colorado 0 |
| TOP OF THE 4TH |
|
Cincinnati Reds batting - Pitching for Colorado Rockies : RHP Vince Scripp
|
|
Batting: LHB Chris Grunwald
|
0-0: Called Strike 0-1: SINGLE (Line Drive, 7LS, EV 103.1 MPH)
|
|
Batting: LHB Antonio Figueroa
|
0-0: Fly out, F7 (Flyball, 78M, EV 88.8 MPH)
|
|
Batting: RHB Willie Lazcano
|
0-0: Ball 1-0: Called Strike 1-1: Ball 2-1: Swinging Strike 2-2: Ball 3-2: Strikes out looking Chris Grunwald is caught stealing 2nd base 2-4 Batter strikes out.
|
| Top of the 4th over - 0 runs, 1 hit, 0 errors, 0 left on base; Cincinnati 1 - Colorado 0 |
| BOTTOM OF THE 4TH |
|
Colorado Rockies batting - Pitching for Cincinnati Reds : RHP Timmy John Aaron-Lee Frank Silveira
|
|
Batting: LHB Shawn Morrison
|
0-0: Ball 1-0: Ball 2-0: Ball 3-0: SOLO HOME RUN (Flyball, 7D, EV 101.9 MPH), Distance : 380 ft
|
|
Batting: LHB Freddy Troncoso
|
0-0: Ball 1-0: Foul Ball, location: 2F 1-1: Foul Ball, location: 2F 1-2: Foul Ball, location: 2F 1-2: Foul Ball, location: 2F 1-2: Ball 2-2: Ball 3-2: Foul Ball, location: 2F 3-2: SINGLE (Groundball, 34D, EV 105.6 MPH)
|
|
Batting: SHB Jon Munoz
|
0-0: Called Strike 0-1: Ball 1-1: Called Strike 1-2: Strikes out swinging
|
|
Batting: SHB Andy Vivas
|
0-0: Ball 1-0: Swinging Strike 1-1: Ball 2-1: Called Strike Freddy Troncoso steals 2nd base 2-2: Ground out 4-3 (Groundball, 4MS, EV 89.4 MPH) Freddy Troncoso to third
|
|
Batting: SHB Billy Encinias
|
0-0: Intentional Walk
|
|
Batting: RHB Sterling Acosta
|
0-0: Ball 1-0: SINGLE (Line Drive, 9S, EV 101.2 MPH) Freddy Troncoso scores Billy Encinias to second
|
|
Batting: SHB Eddie Quinones
|
0-0: Ball 1-0: DOUBLE (Flyball, 89D, EV 98.1 MPH) Billy Encinias scores Sterling Acosta to third Runner from 3rd tries for Home, SAFE, throw by RF to home
|
|
Batting: RHB Henry Alvizo
|
0-0: Ground out 1-3 (Groundball, 15, EV 65.6 MPH)
|
| Bottom of the 4th over - 4 runs, 4 hits, 0 errors, 1 left on base; Cincinnati 1 - Colorado 4 |
| TOP OF THE 5TH |
|
Cincinnati Reds batting - Pitching for Colorado Rockies : RHP Vince Scripp
|
|
Batting: RHB Joseph Kirchmann
|
0-0: Ball 1-0: Ball 2-0: Fly out, F9 (Line Drive, 9S, EV 94.4 MPH)
|
|
Batting: LHB Jon Ledesma
|
0-0: Ball 1-0: Ball 2-0: Called Strike 2-1: Fly out, F9 (Flyball, 9LD, EV 90.6 MPH)
|
|
Batting: RHB Omar Quintana
|
0-0: Called Strike 0-1: Called Strike 0-2: Ball 1-2: Ball 2-2: DOUBLE (Groundball, 5L, EV 109.4 MPH)
|
|
Batting: SHB Dave Barefoot
|
0-0: Ball 1-0: Ball 2-0: Called Strike 2-1: Called Strike 2-2: Foul Ball, location: 2F 2-2: Strikes out swinging
|
| Top of the 5th over - 0 runs, 1 hit, 0 errors, 1 left on base; Cincinnati 1 - Colorado 4 |
| BOTTOM OF THE 5TH |
|
Colorado Rockies batting - Pitching for Cincinnati Reds : RHP Timmy John Aaron-Lee Frank Silveira
|
|
Batting: RHB Joel Haycock
|
0-0: Ball 1-0: Foul Ball, location: 2F 1-1: Ball 2-1: Fly out, F8 (Flyball, 8LD, EV 101.2 MPH)
|
|
Batting: LHB Shawn Morrison
|
0-0: Ball 1-0: Called Strike 1-1: Fly out, F9 (Line Drive, 9, EV 98.1 MPH)
|
|
Batting: LHB Freddy Troncoso
|
0-0: Swinging Strike 0-1: Ball 1-1: Called Strike 1-2: SINGLE (Line Drive, 89M, EV 84.4 MPH)
|
|
Batting: SHB Jon Munoz
|
0-0: Called Strike 0-1: Called Strike 0-2: Ball 1-2: Ball 2-2: Foul Ball, location: 2F 2-2: Ball 3-2: Foul Ball, location: 2F 3-2: Ground out U3 (Groundball, 3L, EV 103.8 MPH)
|
| Bottom of the 5th over - 0 runs, 1 hit, 0 errors, 1 left on base; Cincinnati 1 - Colorado 4 |
| TOP OF THE 6TH |
|
Cincinnati Reds batting - Pitching for Colorado Rockies : RHP Vince Scripp
|
|
Batting: RHB Steve Castleberry
|
0-0: Fly out, F8 (Flyball, 8LD, EV 100.6 MPH)
|
|
Batting: SHB Jun Tsuda
|
0-0: Swinging Strike 0-1: Foul Ball, location: 2F 0-2: Strikes out swinging
|
|
Batting: LHB Chris Grunwald
|
0-0: Ball 1-0: Fly out, F9 (Flyball, 89D, EV 91.9 MPH)
|
| Top of the 6th over - 0 runs, 0 hits, 0 errors, 0 left on base; Cincinnati 1 - Colorado 4 |
| BOTTOM OF THE 6TH |
|
Colorado Rockies batting - Pitching for Cincinnati Reds : RHP Timmy John Aaron-Lee Frank Silveira
|
|
Batting: SHB Andy Vivas
|
0-0: Called Strike 0-1: SINGLE (Line Drive, 9LM, EV 100.6 MPH)
|
|
Batting: SHB Billy Encinias
|
0-0: Called Strike 0-1: Ball 1-1: Ball 2-1: SINGLE (Groundball, 4D, EV 100.0 MPH) Andy Vivas to second
|
|
Batting: RHB Sterling Acosta
|
0-0: Swinging Strike 0-1: Swinging Strike 0-2: Strikes out looking
|
|
Batting: SHB Eddie Quinones
|
0-0: Ball 1-0: Ball 2-0: Swinging Strike 2-1: Foul Ball, location: 2F 2-2: Strikes out swinging
|
|
Batting: RHB Henry Alvizo
|
0-0: Ball 1-0: Foul Ball, location: 2F 1-1: DOUBLE (Line Drive, 9LD, EV 108.8 MPH) Andy Vivas scores Billy Encinias to third Runner from 3rd tries for Home, SAFE, no throw by RF
|
|
Pitching: RHP Matt Flink
|
|
|
Batting: RHB Joel Haycock
|
0-0: Called Strike 0-1: DOUBLE (Line Drive, 9LS, EV 110.0 MPH) Henry Alvizo scores
|
|
Batting: LHB Shawn Morrison
|
0-0: Foul Ball, location: 2F 0-1: SINGLE (Groundball, 4MD, EV 103.1 MPH) Joel Haycock to third
|
|
Batting: LHB Freddy Troncoso
|
0-0: Called Strike 0-1: Ball 1-1: Ball 2-1: Foul Ball, location: 2F 2-2: Ball 3-2: Base on Balls Shawn Morrison to second
|
|
Batting: SHB Jon Munoz
|
0-0: Called Strike 0-1: Called Strike 0-2: Ball 1-2: Foul Ball, location: 2F 1-2: Ball 2-2: Ball 3-2: Foul Ball, location: 2F 3-2: Strikes out swinging
|
| Bottom of the 6th over - 3 runs, 5 hits, 0 errors, 3 left on base; Cincinnati 1 - Colorado 7 |
| TOP OF THE 7TH |
|
Cincinnati Reds batting - Pitching for Colorado Rockies : RHP Vince Scripp
|
|
Batting: LHB Antonio Figueroa
|
0-0: Swinging Strike 0-1: Ball 1-1: Ball 2-1: Ground out U3 (Groundball, 23, EV 87.5 MPH)
|
|
Batting: RHB Willie Lazcano
|
0-0: Ground out 5-3 (Groundball, 56, EV 90.0 MPH)
|
|
Batting: RHB Joseph Kirchmann
|
0-0: Ground out 6-3 (Groundball, P, EV 85.6 MPH)
|
| Top of the 7th over - 0 runs, 0 hits, 0 errors, 0 left on base; Cincinnati 1 - Colorado 7 |
| BOTTOM OF THE 7TH |
|
Colorado Rockies batting - Pitching for Cincinnati Reds : RHP Matt Flink
|
|
Batting: SHB Andy Vivas
|
0-0: Foul Ball, location: 2F 0-1: Foul Ball, location: 2F 0-2: Strikes out swinging
|
|
Batting: SHB Billy Encinias
|
0-0: Ball 1-0: Foul Ball, location: 2F 1-1: Ground out 5-3 (Groundball, 6S, EV 91.2 MPH)
|
|
Batting: RHB Sterling Acosta
|
0-0: Ball 1-0: Called Strike 1-1: Swinging Strike 1-2: Strikes out looking
|
| Bottom of the 7th over - 0 runs, 0 hits, 0 errors, 0 left on base; Cincinnati 1 - Colorado 7 |
| TOP OF THE 8TH |
|
Cincinnati Reds batting - Pitching for Colorado Rockies : RHP Vince Scripp
|
|
Batting: LHB Jon Ledesma
|
0-0: Called Strike 0-1: Ball 1-1: Foul Ball, location: 2F 1-2: Strikes out swinging
|
|
Batting: RHB Omar Quintana
|
0-0: Swinging Strike 0-1: Ball 1-1: Swinging Strike 1-2: Ball 2-2: Foul Ball, location: 2F 2-2: Ground out 6-3 (Groundball, 56D, EV 92.5 MPH)
|
|
Batting: SHB Dave Barefoot
|
0-0: Called Strike 0-1: Fly out, F9 (Flyball, 9LMF, EV 111.9 MPH)
|
| Top of the 8th over - 0 runs, 0 hits, 0 errors, 0 left on base; Cincinnati 1 - Colorado 7 |
| BOTTOM OF THE 8TH |
|
Colorado Rockies batting - Pitching for Cincinnati Reds : RHP Matt Flink
|
|
Batting: SHB Eddie Quinones
|
0-0: Called Strike 0-1: Ball 1-1: Ball 2-1: Foul Ball, location: 2F 2-2: Ball 3-2: SINGLE (Flyball, 4D, EV 85.6 MPH)
|
|
Batting: RHB Henry Alvizo
|
0-0: Ball 1-0: Swinging Strike 1-1: Called Strike 1-2: Ball 2-2: Strikes out swinging
|
|
Batting: RHB Joel Haycock
|
0-0: Ball 1-0: Ball 2-0: Ball 3-0: Base on Balls Eddie Quinones to second
|
|
Pitching: LHP Marco Berrios
|
|
|
Batting: LHB Shawn Morrison
|
0-0: Ball 1-0: Foul Ball, location: 2F 1-1: Ball 2-1: Called Strike 2-2: Ball 3-2: Base on Balls Eddie Quinones to third Joel Haycock to second
|
|
Batting: LHB Freddy Troncoso
|
0-0: Grounds into double play, 4-6-3 (Groundball, 34, EV 84.4 MPH)
|
| Bottom of the 8th over - 0 runs, 1 hit, 0 errors, 2 left on base; Cincinnati 1 - Colorado 7 |
| TOP OF THE 9TH |
|
Cincinnati Reds batting - Pitching for Colorado Rockies : RHP Vince Scripp
|
|
Batting: RHB Steve Castleberry
|
0-0: SINGLE (Line Drive, 7S, EV 89.4 MPH)
|
|
Batting: SHB Jun Tsuda
|
0-0: Ball 1-0: Fly out, F7 (Line Drive, 7S, EV 97.5 MPH)
|
|
Batting: LHB Chris Grunwald
|
0-0: Ball 1-0: Fly out, F9 (Flyball, 89M, EV 79.4 MPH)
|
|
Batting: LHB Antonio Figueroa
|
0-0: Foul Ball, location: 2F 0-1: Swinging Strike 0-2: Ball 1-2: Strikes out looking
|
| Top of the 9th over - 0 runs, 1 hit, 0 errors, 1 left on base; Cincinnati 1 - Colorado 7 |
|